 Dungeon Crawl Stone Soup version 0.22.1-1-ga44c0e5 (webtiles) character file.

683 Fang the Chopper (level 7, -1/66 HPs)
             Began as a Gargoyle Berserker on Oct 2, 2018.
             Was a Believer of Trog.
             Slain by a gnoll sergeant
             ... wielding a +0 spear
              (8 damage)
             ... on level 5 of the Dungeon.
             The game lasted 00:05:26 (3754 turns).

Fang the Chopper (Gargoyle Berserker)               Turns: 3754, Time: 00:05:26

Health: -1/66      AC: 16    Str: 28    XL:     7   Next: 61%
Magic:  7/7        EV: 13    Int:  7    God:    Trog [**....]
Gold:   264        SH:  0    Dex:  9    Spells: 6/6 levels left

rFire    + . .     SeeInvis .   t - +1 hand axe (freeze)
rCold    . . .     Gourm    .   (no shield)
rNeg     + . .     Faith    .   u - +2 leather armour {rF+}
rPois    ∞         Spirit   .   i - +2 hat
rElec    +         Reflect  .   (no cloak)
rCorr    .         Harm     .   (no gloves)
MR       .....                  (no boots)
Stlth    ..........             (no amulet)
HPRegen  0.21/turn              b - +4 ring of protection
MPRegen  0.10/turn              (no ring)

@: berserking, starving, very quick
A: negative energy resistance 1, electricity resistance, unbreathing,
petrification resistance, rot immunity, AC +4
a: Berserk, Trog's Hand, Renounce Religion


You were on level 5 of the Dungeon.
You worshipped Trog.
Trog was pleased with you.
You were starving.

You visited 1 branch of the dungeon, and saw 5 of its levels.

You collected 264 gold pieces.

Inventory:

Hand Weapons
 a - a +0 hand axe
 t - a +1 hand axe of freezing (weapon)
Armour
 i - a +2 hat (worn)
 u - a +2 leather armour of fire resistance (worn)
Jewellery
 b - a +4 ring of protection (left hand)
Wands
 s - a wand of acid (6)
Scrolls
 e - 4 scrolls of identify {unknown}
 f - 5 scrolls of remove curse {unknown}
 g - a scroll of amnesia {unknown}
 k - a scroll of blinking {unknown}
 n - a scroll of enchant armour {unknown}
 o - 4 scrolls of teleportation {unknown}
 v - a scroll of immolation {unknown}
Potions
 d - 3 potions of curing {unknown}
 h - 3 potions of lignification {unknown}
 j - a potion of mutation {unknown}
 l - 3 potions of resistance {unknown}
 m - 4 potions of flight {unknown}
 p - a potion of degeneration {unknown}
 q - 2 potions of agility {unknown}
 r - a potion of brilliance {unknown}
Comestibles
 c - 6 rations


   Skills:
 + Level 5.4 Fighting
 + Level 5.5 Axes
 + Level 2.9 Armour
 + Level 3.5 Dodging
 + Level 1.5 Stealth


You had 6 spell levels left.
You didn't know any spells.
Your spell library was empty.

Dungeon Overview and Level Annotations

Branches:
Dungeon (5/15)
 Temple: D:4-7

Altars:
Fedhas
Ru

Shops:
D:4 (


Innate Abilities, Weirdness & Mutations

You are resistant to torment.
Your stone body is resilient. (AC +4)
You are immune to poison.
You resist negative energy. (rN+)
You are resistant to electric shocks. (rElec)
You can survive without breathing.
You are immune to petrification.
You are immune to rotting.


Message History

You closely miss the gnoll sergeant.
The gnoll sergeant is heavily wounded.
The gnoll sergeant closely misses you.
Unknown command.
You hit the gnoll sergeant but do no damage.
The gnoll sergeant is heavily wounded.
The gnoll sergeant hits you but does no damage.
Unknown command.
You completely miss the gnoll sergeant.
The gnoll sergeant is heavily wounded.
The gnoll sergeant hits you with a spear.
* * * LOW HITPOINT WARNING * * *
Unknown command.
The gnoll sergeant blocks your attack.
The gnoll sergeant is heavily wounded.
Unknown command.
You hit the gnoll sergeant but do no damage.
The gnoll sergeant is heavily wounded.
The gnoll sergeant hits you with a spear!
You die...

#)# #.#
#...#..########.######
...$.................#
#8...................# #
(#...................# #
#8...................# #
.....................# #
........)............# #
.$.....@...).........# #
.......g†............###
........................
.....................###
........................
.....................###
......................<#
.....................###
.......................


You could see a gnoll sergeant.

Vanquished Creatures
  An ice beast (D:5)
  2 ogres
  A bullfrog (D:2)
  A howler monkey (D:5)
  A centaur zombie (D:3)
  A hound (D:5)
  A centaur skeleton (D:4)
  An orc wizard (D:4)
  4 worker ants (D:4)
  2 adders (D:2)
  3 gnolls
  2 worms (D:2)
  A dart slug (D:4)
  4 leopard geckos
  9 orcs
  3 giant cockroaches
  3 goblins
  7 hobgoblins
  6 jackals (D:3)
  A frilled lizard (D:5)
  A jackal skeleton (D:4)
  5 kobolds
  3 rats
  A plant (D:3)
64 creatures vanquished.

Notes
Turn   | Place    | Note
-------+----------+-------------------------------------------
     0 | D:1      | Fang the Gargoyle Berserker began the quest for the Orb.
     0 | D:1      | Reached XP level 1. HP: 14/14 MP: 1/1
   293 | D:1      | Reached XP level 2. HP: 9/20 MP: 2/2
   541 | D:2      | Noticed a bullfrog
   555 | D:2      | Killed a bullfrog
   555 | D:2      | Reached XP level 3. HP: 15/24 MP: 3/3
   555 | D:2      | Reached XP level 4. HP: 19/29 MP: 4/4
  1182 | D:2      | Found a blossoming altar of Fedhas.
  1318 | D:3      | Reached XP level 5. HP: 30/34 MP: 5/5
  2503 | D:4      | Found Ciav's Weapon Shop.
  2515 | D:4      | Reached XP level 6. HP: 39/39 MP: 6/6
  2597 | D:4      | Reached ** piety under Trog
  2924 | D:4      | Reached skill level 5 in Fighting
  2924 | D:4      | Reached skill level 1 in Stealth
  3353 | D:4      | Found a sacrificial altar of Ru.
  3490 | D:5      | Entered Level 5 of the Dungeon
  3603 | D:5      | Noticed an ice beast
  3612 | D:5      | Killed an ice beast
  3612 | D:5      | Reached skill level 5 in Axes
  3612 | D:5      | Reached XP level 7. HP: 44/44 MP: 7/7
  3754 | D:5      | Slain by a gnoll sergeant

Skill      XL: |  1  2  3  4  5  6 |
---------------+-------------------+-----
Axes           | 3 4 5 |  5.5
Fighting       | 4 5 |  5.4
Dodging        | 2 3 |  3.5
Stealth        | 1 |  1.5
Armour         | |  2.9

Action                   |  1- 3 |  4- 6 |  7- 9 || total
-------------------------+-------+-------+-------++-------
Melee: Hand axe          |    28 |   233 |    28 ||   289
Invok: Berserk           |     2 |     5 |     2 ||     9
  Eat: Chunk             |       |     7 |     2 ||     9
       Ration            |       |     2 |       ||     2
Armor: Animal skin       |     9 |    75 |       ||    84
       Leather armour    |       |    19 |    17 ||    36
Dodge: Dodged            |    23 |   122 |    20 ||   165
